 Dungeon Crawl Stone Soup version 0.20.1-1-g8b1a95d (webtiles) character file.

17951 karf the Blocker (level 12, -1/112 HPs)
             Began as a Minotaur Berserker on Oct 27, 2017.
             Was a High Priest of Trog.
             Slain by a fire elemental (12 damage)
             ... in a volcano.
             The game lasted 00:50:49 (13661 turns).

karf the Blocker (Minotaur Berserker)              Turns: 13661, Time: 00:50:50

Health: -1/112     AC: 12    Str: 26    XL:     12   Next: 23%
Magic:  11/11      EV: 13    Int:  4    God:    Trog [*****.]
Gold:   1001       SH: 17    Dex: 16    Spells: 11/11 levels left

rFire    . . .     SeeInvis .   a - +1 spear
rCold    . . .     Gourm    .   p - +3 shield
rNeg     . . .     Faith    .   O - +0 acid dragon scales
rPois    .         Spirit   .   (helmet restricted)
rElec    .         Reflect  .   J - +2 cloak {MR+}
rCorr    +         Harm     .   e - +0 pair of gloves {Str+3}
MR       +++..                  (no boots)
Stlth    +.........             (no amulet)
Regen    1.3/turn               (no ring)
MPRegen  0.2/turn               n - +2 ring of strength

@: regenerating
A: retaliatory headbutt, horns 2
a: Berserk, Trog's Hand, Brothers in Arms, Burn Spellbooks, Renounce Religion


You were in a volcano.
You worshipped Trog.
Trog was extremely pleased with you.
You were hungry.

You visited 2 branches of the dungeon, and saw 14 of its levels.
You also visited: Ossuary and Volcano.

You collected 1001 gold pieces.

Inventory:

Hand Weapons
 a - a +1 spear (weapon)
Missiles
 b - 9 tomahawks (quivered)
 v - 2 steel tomahawks
Armour
 e - a +0 pair of gloves of strength (worn)
 m - a +0 plate armour
 p - a +3 shield (worn)
 J - a +2 cloak of magic resistance (worn)
 O - +0 acid dragon scales (worn)
Jewellery
 n - a +2 ring of strength (right hand)
 Q - a +4 amulet of reflection {unknown}
Wands
 r - a wand of flame (28/48)
 s - a wand of digging (12/24)
 w - a wand of scattershot (6/9)
 A - a wand of iceblast (6/15)
 B - a wand of clouds (5/9)
 D - a wand of polymorph (9/24)
 M - a wand of paralysis (12/24)
Scrolls
 h - 2 scrolls of recharging
 i - 2 scrolls of fog
 k - 5 scrolls of teleportation
 t - 6 scrolls of magic mapping
 y - 4 scrolls of enchant weapon
 F - 5 scrolls of identify
 G - 3 scrolls of enchant armour
 H - 6 scrolls of remove curse
 P - a scroll of amnesia {unknown}
Potions
 f - a potion of agility {unknown}
 g - 4 potions of curing
 j - a potion of haste {unknown}
 q - a potion of berserk rage {unknown}
 u - 3 potions of brilliance
 x - 2 potions of cancellation
 z - 4 potions of lignification {unknown}
 E - a potion of ambrosia {unknown}
 I - a potion of mutation {unknown}
 K - 3 potions of might {unknown}
 N - 2 potions of invisibility {unknown}
 R - a potion of magic {unknown}
Comestibles
 c - 2 bread rations
 l - 3 meat rations
 o - 15 royal jellies
 C - 13 fruits


   Skills:
 + Level 12.3 Fighting
 - Level 13.6 Polearms
 - Level 7.0 Armour
 - Level 3.3 Dodging
 * Level 13.8 Shields


You had 11 spell levels left.
You didn't know any spells.

Dungeon Overview and Level Annotations

Branches:
Dungeon (12/15)            Temple (0/1) D:4            Lair (2/6) D:10
    Orc (0/2) D:11
  Swamp: Lair:2-4    Shoals: Lair:2-4     Snake: Lair:2-4    Spider: Lair:2-4

Altars:
Ashenzari
Cheibriados
Dithmenos
Elyvilon
Fedhas
Nemelex Xobeh
Qazlal
Trog
Uskayaw
Vehumet
Yredelemnul
The Shining One

Shops:
D:4 *

Annotations:
D:7 1 transporter
D:8 exclusion: 2 doors


Innate Abilities, Weirdness & Mutations

You reflexively headbutt those who attack you in melee.
You have a pair of horns on your head.


Message History

You are engulfed in blazing flames.
* * * LOW HITPOINT WARNING * * *
The fire elemental closely misses you. The efreet gestures at you.
The bolt of fire hits the fire elemental.
The fire elemental completely resists.
The bolt of fire hits you!
* * * LOW HITPOINT WARNING * * *
Unknown command.
Okay, then.
As you read the scroll of fear, it crumbles to dust.
You assume a fearsome visage.
The efreet is unaffected.
The fire elemental is unaffected. x2; The efreet is unaffected.
The fire elemental misses you. You furiously retaliate!
You headbutt the fire elemental, but do no damage.
The efreet gestures at you.
The bolt of fire hits the fire elemental.
The fire elemental completely resists.
The bolt of fire misses you. The fire elemental closely misses you.
You feel better. The fire elemental hits you. The fire elemental burns you!
You die...

#..≈≈≈≈ #..R§
#.§§## #§#
##§# ##R§##
##§R≈≈#
###.§§§§#
#@EE§≈≈§#
###§≈≈≈≈#
##§≈≈≈#
##'###+###
###..###...#
#..........#
#...∩...∩...#
##...§≈≈...##
#§≈§≈≈≈.§≈#


You could see 2 efreet and 2 fire elementals.

Vanquished Creatures
  3 hydras
  2 two-headed ogres
  The ghost of HammerPanzer the Basher, a novice DsBe of Trog (D:11)
  Nergalle (Lair:1)
  2 ugly things (D:11)
  An elephant (D:10)
  Maurice (D:9)
  A spiny frog (Lair:1)
  2 komodo dragons
  The ghost of Frank the Slasher, a novice OpFi (D:5)
  An efreet (Volcano)
  A rime drake (Lair:1)
  A troll (D:11)
  A hornet (D:11)
  A slime creature (D:11)
  6 hippogriffs
  A wyvern (D:11)
  2 basilisks
  8 yaks
  A vampire (D:10)
  3 fire elementals (Volcano)
  An acid dragon (D:11)
  3 porcupines (Lair:1)
  5 water moccasins
  4 orc warriors
  2 phantoms
  3 sky beasts
  The ghost of karf the Cudgeler, an amateur MiFi (D:4)
  4 ice beasts
  2 ogres
  5 centaurs
  7 big kobolds
  3 crocodiles
  5 bullfrogs
  An elf zombie (Ossuary)
  A scorpion (D:7)
  8 killer bees
  4 wights
  A howler monkey (D:4)
  A crimson imp (D:8)
  2 centaur zombies (Ossuary)
  A human zombie (Ossuary)
  A quasit (D:10)
  6 jellies
  3 centaur skeletons
  2 hounds
  3 bullfrog skeletons
  6 orc priests
  10 orc wizards
  6 iguanas
  5 worker ants
  A big kobold zombie (Ossuary)
  2 mummies (Ossuary)
  A hound zombie (D:6)
  4 hound skeletons
  A worker ant zombie (D:6)
  12 adders
  6 gnolls (D:4)
  6 oozes
  2 adder zombies
  An adder skeleton (D:6)
  2 worms
  3 dart slugs
  5 leopard geckos
  52 orcs
  3 ball pythons
  10 bats
  5 giant cockroaches
  6 hobgoblins
  6 jackals
  8 quokkas
  7 frilled lizards
  11 goblins
  A goblin zombie (Ossuary)
  11 hobgoblin zombies (Ossuary)
  A jackal skeleton (D:6)
  A jackal zombie (Ossuary)
  50 kobolds
  13 kobold zombies (Ossuary)
  A leopard gecko skeleton (D:4)
  5 orc zombies (Ossuary)
  A quokka skeleton (D:5)
  11 rats
  A rat zombie (Ossuary)
397 creatures vanquished.

Notes
Turn   | Place    | Note
-------+----------+-------------------------------------------
     0 | D:1      | karf the Minotaur Berserker began the quest for the Orb.
     0 | D:1      | Reached XP level 1. HP: 19/19 MP: 0/0
   390 | D:1      | Reached XP level 2. HP: 17/27 MP: 1/1
   996 | D:1      | Reached ** piety under Trog
  1251 | D:2      | Reached XP level 3. HP: 30/33 MP: 2/2
  1553 | D:2      | Found a bloodstained altar of Trog.
  2127 | D:2      | Reached XP level 4. HP: 36/40 MP: 3/3
  2172 | D:2      | Found a shattered altar of Ashenzari.
  2623 | D:3      | Reached skill level 5 in Polearms
  2633 | D:3      | Reached XP level 5. HP: 27/47 MP: 4/4
  2804 | D:3      | Found a faded altar of an unknown god.
  2870 | D:3      | Reached *** piety under Trog
  3024 | D:3      | Found a sparkling altar of Nemelex Xobeh.
  3097 | D:3      | Reached skill level 5 in Fighting
  3139 | D:3      | Reached skill level 1 in Shields
  3139 | D:3      | Reached XP level 6. HP: 50/56 MP: 5/5
  3452 | D:4      | Found Ofen Aqo's Assorted Antiques.
  3606 | D:4      | Found a staircase to the Ecumenical Temple.
  3767 | D:4      | Reached XP level 7. HP: 57/61 MP: 6/6
  3882 | D:4      | Reached **** piety under Trog
  3933 | D:4      | Reached skill level 5 in Armour
  4385 | D:4      | Noticed karf's ghost (amateur MiFi)
  4404 | D:4      | Killed karf's ghost
  4492 | D:4      | Reached XP level 8. HP: 29/70 MP: 7/7
  4733 | D:5      | Entered Level 5 of the Dungeon
  4757 | D:5      | Noticed Frank's ghost (novice OpFi)
  4770 | D:5      | Killed Frank's ghost
  5017 | D:5      | Found a stormy altar of Qazlal.
  5029 | D:5      | Found a sand-covered staircase.
  5033 | Ossuary  | Entered an ossuary
  5085 | Ossuary  | Reached skill level 5 in Shields
  5089 | Ossuary  | Reached ***** piety under Trog
  5933 | D:6      | Found a basalt altar of Yredelemnul.
  5960 | D:6      | Reached XP level 9. HP: 79/79 MP: 8/8
  5969 | D:6      | Found a shadowy altar of Dithmenos.
  6856 | D:7      | Reached skill level 10 in Polearms
  6907 | D:7      | Found a radiant altar of Vehumet.
  7061 | D:7      | Found a transporter.
  7064 | D:7      | Noticed a kobold demonologist
  7073 | D:7      | Noticed a kobold demonologist
  7103 | D:7      | Found a transporter.
  7130 | D:7      | Noticed an ice devil
  7135 | D:7      | Noticed an orange demon
  7140 | D:7      | HP: 2/79 [ice devil[a kobold demonologist] (8)]
  7868 | D:8      | Noticed a two-headed ogre
  7877 | D:8      | Killed a two-headed ogre
  7901 | D:8      | Found a white marble altar of Elyvilon.
  8249 | D:8      | Reached XP level 10. HP: 77/90 MP: 9/9
  8586 | D:8      | Found a hide-covered altar of Uskayaw.
  8653 | D:8      | You fall through a shaft for 2 floors!
  8653 | D:10     | Entered Level 10 of the Dungeon
  8708 | D:10     | Noticed an elephant
  8708 | D:10     | Found a staircase to the Lair.
  8771 | D:10     | Killed an elephant
  9043 | D:9      | Received a gift from Trog
  9047 | D:9      | Noticed Maurice
  9078 | D:9      | Killed Maurice
  9214 | D:9      | Found a basalt altar of Yredelemnul.
  9261 | D:9      | Noticed a two-headed ogre
  9277 | D:9      | Killed a two-headed ogre
  9437 | D:9      | Found a sparkling altar of Nemelex Xobeh.
  9785 | D:9      | Found a glowing golden altar of the Shining One.
  9925 | D:9      | Found a snail-covered altar of Cheibriados.
  9926 | D:9      | Found a blossoming altar of Fedhas.
 10690 | D:10     | Reached skill level 10 in Fighting
 10705 | D:10     | Reached XP level 11. HP: 77/99 MP: 10/10
 11496 | D:11     | Reached skill level 10 in Shields
 11652 | D:11     | Noticed a purple ugly thing
 11676 | D:11     | Killed a purple ugly thing
 11879 | D:11     | Noticed HammerPanzer's ghost (novice DsBe)
 11886 | D:11     | Noticed a brown ugly thing
 11900 | D:11     | Noticed a five-headed hydra
 11900 | D:11     | Killed HammerPanzer's ghost
 11904 | D:11     | Killed a brown ugly thing
 11920 | D:11     | Killed a five-headed hydra
 12190 | D:11     | Received a gift from Trog
 12305 | D:11     | Found a staircase to the Orcish Mines.
 12463 | D:12     | Noticed an eight-headed hydra
 12480 | D:11     | HP: 5/102 [eight-headed hydra (2)]
 12731 | Lair:1   | Entered Level 1 of the Lair of Beasts
 12731 | Lair:1   | Noticed Nergalle
 12733 | Lair:1   | Noticed a six-headed hydra
 12754 | Lair:1   | Killed Nergalle
 12758 | Lair:1   | Killed a six-headed hydra
 13141 | Lair:1   | Reached XP level 12. HP: 95/112 MP: 11/11
 13270 | Lair:1   | Noticed a seven-headed hydra
 13280 | Lair:1   | Killed a seven-headed hydra
 13461 | Lair:2   | Found a dark tunnel.
 13467 | Volcano  | Entered a volcano
 13656 | Volcano  | HP: 2/112 [something (10)]
 13661 | Volcano  | Slain by a fire elemental

Skill      XL: |  1  2  3  4  5  6  7  8  9 10 11 12 |
---------------+-------------------------------------+-----
Polearms       | 4 5 6 7 9 11 13 | 13.6
Armour         | 3 4 5 6 7 |  7.0
Fighting       | 4 5 6 7 8 10 11 12 | 12.3
Dodging        | 3 |  3.3
Shields        | 1 2 3 5 7 9 13 | 13.8

Action                   |  1- 3 |  4- 6 |  7- 9 | 10-12 || total
-------------------------+-------+-------+-------+-------++-------
Melee: Spear             |   108 |   174 |   593 |   633 ||  1508
       Headbutt          |    13 |    32 |   149 |   212 ||   406
Invok: Berserk           |       |     3 |     2 |     7 ||    12
       Trog's Hand       |       |       |       |     2 ||     2
       Burn Spellbooks   |       |       |       |     1 ||     1
  Use: Scroll            |       |     7 |    10 |     3 ||    20
       Potion            |       |       |     1 |     6 ||     7
  Eat: Chunk             |     4 |     8 |     7 |     9 ||    28
       Bread ration      |       |       |     2 |     1 ||     3
       Royal jelly       |       |       |       |     3 ||     3
       Meat ration       |       |       |       |     1 ||     1
Armor: Animal skin       |     9 |       |       |       ||     9
       Plate armour      |       |    79 |   183 |    76 ||   338
       Acid dragon scale |       |       |       |    44 ||    44
Dodge: Dodged            |    40 |    16 |    55 |   115 ||   226
Block: Shield            |       |    70 |   254 |   273 ||   597
